 Dungeon Crawl Stone Soup version 0.28-a0-1213-g0243856f03 (webtiles) character file.

Game seed: 10088653757547291815

158 bearlyready the Poker (level 5, 0/41 HPs)
             Began as a Merfolk Fighter on Dec 21, 2021.
             Was an Initiate of Dithmenos.
             Slain by an orc wizard (2 damage)
             ... on level 3 of the Dungeon.
             The game lasted 00:03:04 (1684 turns).

bearlyready the Poker (Merfolk Fighter)             Turns: 1684, Time: 00:03:05

Health: 0/41       AC:  7    Str: 16    XL:     5   Next: 40%
Magic:  5/5        EV:  9    Int:  8    God:    Dithmenos [......]
Gold:   171        SH:  5    Dex: 15    Spells: 4/4 levels left

rFire   . . .      SeeInvis .   a - +0 trident
rCold   . . .      Faith    .   c - +0 buckler
rNeg    . . .      Spirit   .   b - +0 scale mail
rPois   .          Reflect  .   g - +0 helmet
rElec   .          Harm     .   (no cloak)
rCorr   .          Rampage  .   (no gloves)
Will    .....                   (no boots)
Stlth   ..........              (no amulet)
HPRegen 0.13/turn               (no ring)
MPRegen 0.09/turn               (no ring)

@: flying (expiring)
A: (nimble swimmer 2), mertail
a: Renounce Religion


You were on level 3 of the Dungeon.
You worshipped Dithmenos.
Dithmenos was noncommittal.
You visited 1 branch of the dungeon, and saw 3 of its levels.

You collected 171 gold pieces.

Inventory:

Hand Weapons
 a - a +0 trident (weapon)
Missiles
 f - 22 stones (quivered)
 l - 12 sling bullets
Armour
 b - a +0 scale mail (worn)
 c - a +0 buckler (worn)
 g - a +0 helmet (worn)
Scrolls
 e - a scroll of brand weapon {unknown}
 k - 3 scrolls of identify {unknown}
 o - a scroll of holy word {unknown}
 p - a scroll of enchant weapon {unknown}
 q - a scroll of amnesia {unknown}
Potions
 d - a potion of might
 h - a potion of brilliance {unknown}
 i - a potion of heal wounds {unknown}
 j - a potion of flight
 n - 2 potions of magic


   Skills:
 - Level 3.2 Fighting
 + Level 7.9 Polearms
 - Level 2.1 Armour
 - Level 3.0 Shields


You had 4 spell levels left.
You didn't know any spells.
Your spell library contained the following spells:

 Spells                   Type           Power      Damage    Failure   Level
 Animate Skeleton         Necr           0%         N/A       87%         1
 Apportation              Tloc           0%         N/A       87%         1
 Summon Small Mammal      Summ           0%         N/A       87%         1
 Sublimation of Blood     Necr           0%         N/A       95%         2
 Wereblood                Tmut           0%         N/A       95%         2
 Summon Hydra             Summ           0%         N/A       100%        7


Dungeon Overview and Level Annotations

Branches:
Dungeon (3/15)

Altars:
Dithmenos

Shops:
D:3 [


Innate Abilities, Weirdness & Mutations

((You are very nimble when in or above water. (Stealth+, EV+, Speed+++)))
Your lower body shifts to a powerful aquatic tail in water.


Message History

You barely miss something. The orc hits you with a +0 mace.
* * * LOW HITPOINT WARNING * * *
The orc closely misses you.
Things that are here:
a +0 club; a +0 leather armour; an orc corpse You aren't carrying any items that you can evoke.
Unknown command.
Something hits you but does no damage.
You miss something. You puncture the orc!
You kill the orc!
Dithmenos accepts your kill. Something hits you.
* * * LOW HITPOINT WARNING * * *
Things that are here:
a +0 mace; a fuming silvery potion; an orc corpse You miss something.
You block something's attack.
You closely miss something. Something hits you but does no damage.
You miss something. Something hits you but does no damage.
You completely miss something. Something hits you but does no damage.
You hit something but do no damage. Something hits you but does no damage.
You are too injured to fight recklessly!
Okay, then.
You hit something but do no damage. Something hits you.
* * * LOW HITPOINT WARNING * * *
You miss something. Something hits you.
* * * LOW HITPOINT WARNING * * *
Your scale mail prevents you from hitting something.
Something hits you but does no damage.
You aren't carrying any items that you can evoke.
Unknown command.
You hit something. Something hits you but does no damage.
You miss something.
You hear some strange, mumbled words.
A puff of flame appears from out of thin air!
The puff of flame misses you.
You barely miss something.
You are starting to lose your buoyancy.
Something hits you.
You die...

....#########....#.#.
................†.... .
...<......#......#.#. ..
.....................
.... .#####.#.#..........
#....#####)#.#..#.###.#.
......(..)#.....>......
##.##.###{###.#..#####...
#.......@.# #.#..# .....
#.#.#.##### #.#..# ......
# #.#..# ...... #.#..#
..... #.#... ...# #.#..#
#.. #.#..# #.# #####.##
#.).<...


There were no monsters in sight!

Vanquished Creatures
  A jelly (D:2)
  An orc priest (D:3)
  3 adders (D:2)
  2 worms
  2 dart slugs
  4 orcs (D:3)
  4 endoplasms
  3 giant cockroaches
  3 goblins
  12 hobgoblins
  A kobold (D:3)
  4 quokkas
  4 ball pythons
  4 bats
  5 frilled lizards
  3 rats (D:2)
56 creatures vanquished.

Vanquished Creatures (others)
  3 demonic plants (D:3)
  6 fungi (D:3)
  10 plants (D:3)
  A withered plant (D:3)
20 creatures vanquished.

Grand Total: 76 creatures vanquished

Notes
Turn   | Place    | Note
-------+----------+-------------------------------------------
     0 | D:1      | bearlyready the Merfolk Fighter began the quest for the
                  | Orb.
     0 | D:1      | Reached XP level 1. HP: 18/18 MP: 1/1
   201 | D:1      | Reached skill level 4 in Polearms
   201 | D:1      | Reached XP level 2. HP: 24/24 MP: 2/2
   695 | D:2      | Reached skill level 5 in Polearms
   695 | D:2      | Reached XP level 3. HP: 20/29 MP: 3/3
  1036 | D:2      | Found a shadowy altar of Dithmenos.
  1042 | D:2      | Reached skill level 6 in Polearms
  1048 | D:2      | Became a worshipper of Dithmenos the Shadowed
  1083 | D:2      | Reached XP level 4. HP: 30/35 MP: 4/4
  1195 | D:2      | Reached skill level 7 in Polearms
  1453 | D:3      | Reached XP level 5. HP: 40/41 MP: 5/5
  1462 | D:3      | Found a faded altar of an unknown god.
  1563 | D:3      | Found Ice Ejado's Antique Armour Boutique.
  1680 | D:3      | HP: 2/41 [something (2)]
  1684 | D:3      | Slain by an orc wizard

Illustrated notes

Levels and vault maps discovered:
D:1:      saegor_arrival_fortress, layout_basic, minmay_misc_feat_rows
D:2:      layout_rooms, basic_altar, hangedman_decor_clover_reticule,
          grunt_ministairs_11, minivault_27, skrybe_limestone_x,
          kennysheep_generic_room_14
D:3:      layout_basic, shapermc_ecumenical_altar_gd, serial_shops, shop,
          hangedman_abyss_or_decor_stabs, st_stairs_1, uniq_natasha

Skill      XL: |  1  2  3  4 |
---------------+-------------+-----
Polearms       | 4 5 6 7 |  7.9
Fighting       | |  3.2
Armour         | |  2.1
Shields        | |  3.0

Action                   |  1- 3 |  4- 6 || total
-------------------------+-------+-------++-------
Melee: Trident           |   109 |    87 ||   196
  Use: Potion            |       |     4 ||     4
Armor: Scale mail        |    29 |    29 ||    58
Dodge: Dodged            |    33 |    19 ||    52
Block: Buckler           |     5 |    17 ||    22

Table legend: (Time is in decaauts)
 A = Elapsed time spent in this place.
 B = Non-inter-level travel time spent in this place.
 C = Inter-level travel time spent in this place.
 D = Time resting spent in this place.
 E = Time spent auto-exploring this place.
 F = Levels seen in this place.
 G = Mean time per level.
                   A        B        C        D        E       F      G
               +--------+--------+--------+--------+--------+-----+--------+
         Total |   1661 |   1639 |     22 |      0 |   1259 |   3 |  553.7 |
       Dungeon |   1661 |   1639 |     22 |      0 |   1259 |   3 |  553.7 |
               +--------+--------+--------+--------+--------+-----+--------+

Top non-repeatable levels by time:
     D:2: 678 daAuts
     D:1: 660 daAuts
     D:3: 321 daAuts
